Map: 2000 Atmospheres LE

Players

Vindicta - Winner!

  • Race: Terran Terran

Antis

  • Race: Zerg Zerg

VOD

Have the link to the VOD?

Description

Time

  • Played on: Oct. 9, 2021, 3:19 p.m.
  • Length: 15:45
Show
View Real Time Build Order
Export as new Build Order

Vindicta Terran - Winner!

Build Orders: Reaper Expand 

Get SALT Encoding   

  12  0:00  SCV  
  13  0:12  SCV  
  14  0:17  Supply Depot  
  14  0:24  SCV  
  15  0:38  SCV  
  15  0:40  Barracks  
  16  0:43  Refinery  
  16  0:50  SCV  
  17  1:02  SCV  
  18  1:15  SCV  
  19  1:27  Reaper, Orbital Command  
  20  1:39  Command Center  
  20  1:49  Supply Depot  
  20  1:54  SCV  
  20  1:59  Marine  
  22  2:06  SCV  
  23  2:12  Factory  
  23  2:18  SCV  
  23  2:20  Barracks Reactor  
  24  2:23  Refinery  
  23  2:30  SCV  
  24  2:42  SCV  
  25  2:51  Orbital Command  
  25  2:55  SCV  
  26  3:00  Starport  
  26  3:06  Hellion x2, Barracks Tech Lab  
  26  3:07  SCV  
  31  3:17  SCV  
  31  3:19  SCV  
  33  3:25  Supply Depot  
  33  3:27  Hellion  
  33  3:29  SCV  
  33  3:31  SCV  
  33  3:33  Barracks Tech Lab  
  37  3:39  Hellion  
  37  3:41  SCV  
  40  3:42  Raven  
  40  3:43  SCV  
  43  3:49  Hellion  
  43  3:53  SCV  
  43  3:55  SCV  
  47  3:57  Supply Depot, Stimpack  
  47  4:05  SCV  
  47  4:07  SCV  
  51  4:10  Hellion x2  
  53  4:17  SCV  
  53  4:19  SCV  
  53  4:22  Command Center  
  55  4:29  SCV  
  56  4:31  SCV  
  56  4:33  Supply Depot  
  57  4:38  Starport Reactor  
  57  4:40  Barracks  
  57  4:41  SCV, Barracks  
  57  4:43  SCV  
  57  4:44  Marine  
  60  4:53  SCV  
  60  4:55  Supply Depot, Siege Tank  
  60  4:58  Engineering Bay  
  60  4:59  SCV, Engineering Bay  
  65  5:06  Refinery  
  65  5:07  SCV, Refinery  
  65  5:09  Marine  
  65  5:11  SCV  
  68  5:17  Supply Depot  
  68  5:19  SCV  
  69  5:23  SCV  
  69  5:26  Terran Infantry Weapons Level 1, Starport Reactor, Terran Infantry Armor Level 1  
  69  5:27  Marine  
  71  5:29  Marine  
  71  5:31  SCV, Marine  
  71  5:35  SCV, Orbital Command  
  74  5:40  Siege Tank  
  74  5:41  Marine  
  79  5:44  SCV  
  79  5:45  Marine  
  79  5:47  Combat Shield, Marine  
  82  5:52  SCV  
  82  5:53  Marine  
  82  5:54  Marine  
  82  5:56  SCV  
  86  5:58  Barracks  
  86  5:59  Barracks  
  86  6:04  SCV  
  86  6:05  Marine, Orbital Command  
  86  6:06  Supply Depot  
  86  6:07  Medivac x2  
  86  6:10  Marine  
  86  6:11  SCV, Marine  
  94  6:15  Siege Tank  
  94  6:17  Marine  
  99  6:20  Marine  
  99  6:24  SCV  
  101  6:25  Armory  
  101  6:30  SCV  
  101  6:32  Supply Depot, Marine  
  103  6:33  Marine  
  103  6:35  Marine  
  103  6:36  Marine  
  103  6:38  SCV  
  108  6:41  SCV  
  108  6:46  Supply Depot, Barracks Reactor x2  
  109  6:48  SCV  
  109  6:50  Siege Tank, Marine  
  109  6:53  Medivac  
  116  6:56  Marine  
  116  6:59  SCV  
  116  7:00  SCV  
  119  7:02  SCV  
  119  7:03  Supply Depot  
  119  7:07  Marine  
  119  7:14  Marine  
  119  7:15  SCV x2  
  122  7:16  Marine  
  122  7:17  Refinery  
  122  7:18  Marine  
  122  7:21  Supply Depot  
  125  7:23  Marine  
  125  7:24  Marine  
  125  7:29  Marine x2  
  120  7:30  Marine  
  120  7:32  Marine  
  120  7:34  Marine  
  120  7:36  Terran Infantry Weapons Level 2, Terran Infantry Armor Level 2, Marine  
  117  7:41  SCV x2  
  117  7:42  Marine x2  
  120  7:47  Marine  
  120  7:48  Command Center, Marine x2  
  120  7:50  Siege Tank  
  124  7:51  Marine  
  124  7:52  Marine  
  124  7:55  SCV  
  124  7:56  Terran Vehicle Weapons Level 1  
  124  7:57  Factory, Marine  
  124  7:58  Refinery, Marine  
  129  7:59  Supply Depot  
  129  8:00  Marine  
  129  8:01  Marine  
  129  8:04  SCV  
  132  8:05  Marine  
  132  8:06  Marine  
  132  8:07  Marine  
  132  8:10  Marine  
  132  8:11  Marine  
  135  8:15  Medivac x2  
  135  8:17  Marine  
  139  8:21  Marine  
  139  8:22  Marine  
  139  8:23  Marine  
  139  8:25  SCV  
  140  8:30  Marine  
  140  8:32  Marine  
  140  8:33  Marine x2  
  145  8:35  Marine  
  145  8:38  Marine  
  144  8:41  Supply Depot  
  144  8:42  Supply Depot  
  144  8:43  Factory Tech Lab  
  144  8:44  Siege Tank  
  144  8:45  Medivac x2  
  148  8:50  Marine  
  148  8:54  Marine x2  
  142  8:57  Marine  
  142  8:59  Marine  
  142  9:00  Marine  
  143  9:04  SCV  
  143  9:06  Marine  
  145  9:11  Marine  
  145  9:15  Medivac x2, Marine  
  145  9:16  Siege Tank, Marine  
  145  9:17  Marine x2  
  154  9:19  Marine x3  
  154  9:23  Marine  
  154  9:24  SCV  
  161  9:26  SCV  
  161  9:29  Marine  
  163  9:33  Marine  
  163  9:35  Marine  
  163  9:37  Marine x4  
  173  9:44  Marine  
  173  9:45  Medivac, Barracks x2  
  175  9:48  Siege Tank  
  175  9:50  SCV x3  
  175  9:52  Planetary Fortress  
  178  9:54  Sensor Tower  
  178  9:55  Marine  
  170  10:01  Marine  
  170  10:03  Marine  
  170  10:04  Siege Tank  
  170  10:06  Marine x2  
  168  10:08  SCV  
  168  10:12  Terran Vehicle Weapons Level 2  
  168  10:13  Terran Infantry Weapons Level 3  
  169  10:14  SCV x2  
  169  10:18  Marine  
  169  10:20  Siege Tank  
  172  10:22  Marine  
  172  10:27  Marine x2  
  174  10:31  Marine  
  174  10:32  SCV x2  
  169  10:36  Siege Tank  
  169  10:37  Marine  
  169  10:38  Marine  
  169  10:41  Marine x2  
  167  10:47  Barracks Tech Lab  
  153  10:52  SCV x2, Siege Tank, Marine x4  
  153  10:53  Marauder  
  153  10:55  Marine  
  158  10:58  Marine  
  158  10:59  Marine x2  
  159  11:08  Barracks Tech Lab, Siege Tank  
  159  11:09  Marauder, Command Center  
  159  11:10  Marine x4  
  167  11:11  Terran Infantry Armor Level 3  
  167  11:12  Marine  
  167  11:14  Marauder  
  167  11:15  Marine  
  167  11:17  Marine x2  
  155  11:27  Marine  
  155  11:28  Marine x4  
  155  11:30  Marauder, Marine  
  157  11:33  Marine  
  157  11:34  Marine x2  
  157  11:35  Marauder, Missile Turret x2  
  155  11:44  Siege Tank  
  155  11:45  Marine x2  
  155  11:46  Marine x3  
  155  11:47  SCV x3  
  160  11:48  Marine  
  160  11:51  Missile Turret, Marine  
  160  11:52  Liberator  
  160  11:53  Liberator  
  170  12:00  Refinery, Ghost Academy  
  172  12:01  Marauder  
  172  12:02  Marine  
  172  12:05  Marine  
  172  12:07  Marine  
  177  12:10  Siege Tank, Marine  
  177  12:12  Marine  
  182  12:16  Siege Tank  
  182  12:17  Marine  
  182  12:21  SCV x2  
  182  12:22  Refinery, Orbital Command  
  186  12:23  Marine  
  186  12:28  Marauder, Marine x2  
  175  12:32  Marine x3  
  175  12:33  Marine  
  162  12:47  Ghost  
  162  12:49  Personal Cloaking  
  162  12:50  Command Center  
  154  12:52  Siege Tank  
  154  12:54  Ghost x2  
  151  13:02  Liberator  
  151  13:04  Marine  
  154  13:11  Marine  
  155  13:13  Marine  
  155  13:15  Ghost  
  155  13:19  SCV x2  
  162  13:23  Ghost x2  
  164  13:31  Siege Tank  
  164  13:33  Sensor Tower  
  167  13:44  Ghost  
  169  13:49  Missile Turret  
  169  13:50  Missile Turret  
  169  13:51  Siege Tank, Ghost  
  169  13:55  SCV, Ghost  
  175  13:56  Marine x3  
  175  13:57  Marine x2  
  175  13:58  Marine  
  183  14:04  Siege Tank  
  183  14:06  SCV  
  183  14:13  Marauder  
  183  14:16  Command Center  
  185  14:18  SCV  
  185  14:21  Marauder  
  185  14:24  Siege Tank, Ghost  
  191  14:27  Viking  
  195  14:34  Nuke  
  195  14:35  Viking  
  195  14:36  Marine  
  199  14:44  Planetary Fortress  
  199  14:55  Ghost Academy  
  199  14:56  Ghost Academy, Ghost  
  196  15:02  Viking  
  195  15:07  Ghost  
  195  15:16  Ghost  
  197  15:22  Missile Turret x2  
  189  15:33  Refinery  
  189  15:34  Refinery  
Show
View Real Time Build Order
Export as new Build Order

Antis Zerg 

Build Orders: Pool First, Lurkers 

Get SALT Encoding   

  12  0:00  Drone  
  13  0:12  Overlord  
  13  0:17  Drone  
  14  0:31  Drone x2  
  16  0:42  Spawning Pool  
  15  0:46  Drone  
  15  0:48  Drone  
  17  1:08  Hatchery  
  16  1:11  Drone  
  17  1:19  Drone  
  17  1:23  Extractor  
  17  1:29  Zergling x2  
  17  1:30  Zergling x2  
  17  1:32  Queen  
  21  1:41  Overlord  
  21  1:51  Drone  
  22  2:02  Hatchery  
  22  2:05  Drone  
  22  2:12  Drone  
  23  2:19  Queen  
  25  2:25  Drone  
  26  2:33  Drone x3  
  29  2:39  Metabolic Boost  
  29  2:44  Drone  
  29  2:46  Drone  
  29  2:50  Overlord  
  31  2:58  Queen  
  33  3:09  Drone x5  
  38  3:18  Queen  
  40  3:20  Drone x2  
  40  3:24  Overlord  
  42  3:31  Drone x2  
  42  3:33  Queen  
  46  3:38  Queen  
  49  3:41  Drone  
  49  3:42  Drone  
  49  3:46  Overlord  
  50  3:56  Queen  
  50  3:57  Drone x4  
  50  4:00  Zergling x2  
  50  4:01  Zergling x2  
  58  4:05  Overlord  
  58  4:06  Zergling x2  
  58  4:07  Zergling x2  
  60  4:13  Drone x4  
  64  4:21  Drone x2  
  64  4:22  Overlord  
  66  4:25  Lair, Extractor  
  65  4:32  Drone x3  
  65  4:33  Baneling Nest  
  67  4:40  Queen  
  67  4:42  Drone x4  
  73  4:48  Overlord  
  73  4:51  Zergling x2  
  74  4:55  Overlord  
  74  5:07  Hatchery, Zergling x6  
  72  5:10  Drone x7  
  72  5:13  Overlord  
  82  5:16  Baneling  
  82  5:17  Baneling  
  82  5:18  Drone x5  
  87  5:22  Extractor  
  87  5:24  Centrifugal Hooks  
  87  5:27  Overlord  
  86  5:31  Drone x2, Extractor  
  86  5:32  Evolution Chamber x2  
  85  5:36  Extractor  
  85  5:42  Drone  
  85  5:43  Drone x4  
  85  5:48  Overlord  
  89  5:50  Hatchery, Baneling  
  89  5:51  Baneling x8  
  89  5:55  Drone x3  
  91  5:58  Drone x4  
  91  6:02  Overlord  
  95  6:05  Drone x4  
  95  6:09  Overlord  
  99  6:17  Zergling x8  
  103  6:21  Queen  
  103  6:23  Overlord  
  103  6:24  Spore Crawler  
  103  6:25  Zergling x10  
  107  6:32  Zerg Melee Weapons Level 1  
  108  6:34  Zerg Ground Armor Level 1  
  108  6:39  Hatchery  
  107  6:43  Drone x6  
  113  6:51  Drone x3  
  113  6:53  Hatchery  
  115  6:55  Infestation Pit  
  115  6:56  Baneling  
  115  6:57  Baneling x4  
  114  7:05  Zergling x24  
  125  7:13  Zergling x10  
  125  7:29  Zergling x16  
  130  7:30  Zergling x10  
  130  7:36  Baneling  
  130  7:37  Baneling x8  
  130  7:38  Hive  
  130  7:41  Drone x8  
  137  7:44  Baneling  
  137  7:45  Overseer  
  135  7:54  Drone x11  
  135  7:56  Overlord x2  
  146  7:58  Hydralisk Den  
  146  8:00  Baneling x9  
  144  8:10  Zergling x2  
  144  8:11  Zergling x24  
  139  8:26  Zergling x2  
  141  8:27  Zergling x32  
  141  8:31  Zerg Melee Weapons Level 2, Zerg Ground Armor Level 2  
  141  8:33  Lurker Den  
  149  8:37  Drone x3  
  149  8:39  Spore Crawler  
  145  8:45  Zergling x22  
  154  8:54  Baneling x13  
  154  8:55  Overseer  
  140  8:57  Drone x7  
  143  9:06  Adrenal Glands  
  143  9:07  Extractor  
  139  9:14  Zergling x24  
  139  9:15  Zergling x10  
  139  9:33  Hatchery  
  139  9:37  Overlord x3  
  136  9:39  Drone x10, Extractor  
  136  9:40  Extractor  
  141  9:47  Hydralisk, Baneling  
  141  9:48  Hydralisk x4, Baneling x6  
  141  9:49  Zergling x12  
  157  9:57  Zergling x2  
  157  9:58  Zergling x8  
  159  10:04  Zergling x14  
  159  10:13  Adaptive Talons  
  158  10:14  Zergling x10  
  158  10:15  Zergling x16  
  167  10:23  Zergling x10  
  167  10:32  Baneling  
  167  10:33  Baneling x9  
  152  10:40  Zergling x2  
  152  10:41  Zergling x22  
  130  10:52  Hydralisk x2  
  130  10:53  Zergling x20  
  140  10:59  Zerg Missile Weapons Level 1, Zerg Ground Armor Level 3  
  140  11:02  Lurker  
  140  11:03  Lurker x3  
  144  11:10  Seismic Spines  
  141  11:11  Zergling x14  
  141  11:12  Zergling x8  
  146  11:21  Zergling x12  
  134  11:26  Hydralisk x2  
  134  11:27  Zergling x4  
  130  11:33  Hydralisk x2  
  130  11:34  Zergling x2  
  129  11:45  Extractor  
  124  11:48  Hydralisk x3  
  124  11:49  Zergling x22  
  124  11:50  Zergling x4  
  124  11:51  Hatchery  
  142  12:02  Zergling x12, Spore Crawler  
  142  12:03  Zergling x10  
  142  12:04  Baneling x5  
  142  12:07  Drone x2  
  147  12:23  Hydralisk  
  147  12:24  Hydralisk x2, Zergling x4  
  147  12:25  Zergling x10  
  147  12:26  Lurker x2  
  146  12:33  Hydralisk  
  146  12:34  Zergling x4  
  146  12:35  Zergling x16  
  139  12:45  Drone x3  
  125  12:58  Drone  
  125  12:59  Drone, Overseer  
  125  13:01  Hydralisk  
  125  13:02  Hydralisk x7  
  125  13:03  Hatchery  
  138  13:11  Lurker x3, Viper x2  
  138  13:12  Viper  
  150  13:15  Hydralisk  
  150  13:16  Hydralisk  
  150  13:18  Baneling x4  
  150  13:19  Baneling x2  
  154  13:20  Baneling  
  154  13:33  Zergling x22  
  154  13:34  Hatchery  
  163  13:51  Hydralisk x2  
  163  13:52  Zergling x10  
  163  13:53  Overlord x4  
  172  13:56  Overlord  
  170  14:08  Hatchery  
  168  14:13  Queen x2  
  172  14:19  Hydralisk x2  
  172  14:20  Hydralisk x4  
  181  14:35  Baneling  
  181  14:36  Baneling  
  181  14:37  Baneling x6  
  181  14:38  Zergling x10  
  182  14:39  Zergling x8  
  189  14:46  Overseer  
  188  15:04  Drone x3  
  190  15:08  Zergling x2, Lurker x2  
  190  15:09  Zergling x12  
Tags
 
Add a new tag
Caveats
  • Supply blocks, unpowered buildings, or Contaminate may cause inaccurate times.
  • Supply counts are checked every 10 seconds.